 Dungeon Crawl Stone Soup version 0.30.1 (webtiles) character file.

Game seed: 9183540147250086783

1730 safid the Frost Mage (level 9, -7/72 HPs)
             Began as a Merfolk Ice Elementalist on July 13, 2023.
             Mangled by a small abomination (16 damage)
             ... on level 1 of the Abyss.
             The game lasted 00:10:13 (5423 turns).

safid the Frost Mage (Merfolk Ice Elementalist)     Turns: 5423, Time: 00:10:13

Health: -7/72      AC:  3    Str:  9    XL:     9   Next: 5%
Magic:  18/18      EV: 12    Int: 18    God:
Gold:   338        SH:  5    Dex: 14    Spells: 13/20 levels left

rFire   . . .        q - +2 short sword (drain)
rCold   + . .        (no shield)
rNeg    . . .        a - +0 robe
rPois   .            x - +0 helmet
rElec   .            (no cloak)
rCorr   .            (no gloves)
SInv    .            (no boots)
Will    .....        p - amulet of reflection
Stlth   ++           t - ring of protection from cold
HPRegen 0.00/turn    w - ring of wizardry
MPRegen 0.16/turn

%: reflection, wizardry (x1)
@: sick
A: (nimble swimmer 2), mertail
a: no special abilities


You were on level 1 of the Abyss.
You visited 1 branch of the dungeon, and saw 5 of its levels.
You visited the Abyss 1 time.

You collected 338 gold pieces.

Inventory:

Hand Weapons
 q - a +2 short sword of draining (weapon)
Armour
 a - a +0 robe (worn)
 x - a +0 helmet (worn)
Jewellery
 p - an amulet of reflection (around neck)
 t - a ring of protection from cold (left hand)
 w - a ring of wizardry (right hand)
Wands
 i - a wand of roots (11)
 n - a wand of flame (15)
Scrolls
 c - 3 scrolls of blinking
 g - a scroll of enchant weapon
 m - a scroll of identify
Potions
 b - 2 potions of magic
 d - a potion of curing
 f - a potion of attraction {unknown}
 h - 2 potions of lignification {unknown}
 j - 2 potions of mutation {unknown}
 l - a potion of degeneration {unknown}
 o - a potion of resistance {unknown}
 r - 2 potions of heal wounds {unknown}
 s - a potion of berserk rage {unknown}
 u - a potion of might {unknown}
 v - 2 potions of brilliance {unknown}


   Skills:
 + Level 7.0 Fighting
 - Level 2.6 Dodging
 - Level 2.1 Stealth
 + Level 6.2 Spellcasting
 + Level 8.4 Ice Magic


You had 13 spell levels left.
You knew the following spells:

 Your Spells              Type           Power      Damage    Failure   Level
a - Freeze                Ice            100%       1d10      1%          1
b - Frozen Ramparts       Ice            70%        1d11      1%          3
c - Ozocubu's Armour      Ice            35%        N/A       1%          3

Your spell library contained the following spells:

 Spells                   Type           Power      Damage    Failure   Level
 Ensorcelled Hibernation  Hex/Ice        40%        N/A       1%          2
 Summon Ice Beast         Ice/Summ       20%        N/A       9%          4
 Spider Form              Tmut/Pois      5%         N/A       14%         3
 Anguish                  Hex/Necr       2%         N/A       41%         4


Dungeon Overview and Level Annotations

Branches:
Dungeon (5/15)
 Temple: D:4-7

Altars:
Qazlal
Lugonu

Portals:
Abyss: D:5

Annotations:
D:3 1 runed translucent door


Innate Abilities, Weirdness & Mutations

((You are very nimble when in or above water. (Stealth+, EV+, Speed+++)))
Your lower body shifts to a powerful aquatic tail in water.


Message History

You don't know that spell.
As you read the scroll labelled QOUNTO NIOQIU, it crumbles to dust.
It is a scroll of brand weapon.
Your +2 short sword of protection craves living souls!
q - a +2 short sword of draining (weapon)
The small abomination hits you!
A smoke demon comes into view.
The ynoxinul gestures.
Unknown command.
As you read the scroll labelled TEUTRE QOXEAL, it crumbles to dust.
You hear a loud clanging noise!
It was a scroll of noise.
The smoke demon roars!
You hear a bark! x4
The small abomination closely misses you.
As you read the scroll labelled OHETHA FU UXZO, it crumbles to dust.
You feel momentarily disoriented.
It was a scroll of magic mapping.
The small abomination closely misses you. x2
A worldbinder comes into view.
The small abomination hits you. The small abomination hits you!
A smoke demon comes into view.
The small abomination attacks as you move away!
You block the small abomination's attack.
The ufetubus barely misses you. x2
The smoke demon gestures at you. The ball of steam hits you!
The ufetubus barely misses you. The ufetubus closely misses you.
The ynoxinul gestures.
You feel ill.
The smoke demon attacks as you move away!
The smoke demon closely misses you. The smoke demon hits you.
The smoke demon hits you but does no damage.
Something hits you!
* * * LOW HITPOINT WARNING * * *
Deactivating autopickup; reactivate with Ctrl-A.
You feel ill.
You closely miss something. You block something's attack. Something hits you!
* * * LOW HITPOINT WARNING * * *
The small abomination is engulfed in a cloud of scalding steam.
The small abomination hits you!
You die...

. #. #.. #
#.. #..
#..######....
#..........
#@.# #.#x#
##3x5x3....
#.#5##.#.#.
.x..5. .. ...
### .# #....
# #3.# .#.


You could see an ancient zyme, 2 small abominations and 3 ufetubi.

Vanquished Creatures
  5 yaks (D:4)
  A water moccasin (D:5)
  An ogre (D:5)
  A kobold brigand (D:5)
  Blork the orc (D:5)
  3 scorpions
  A howler monkey (D:5)
  A jelly (D:4)
  A gnoll bouda (D:5)
  The ghost of bronco the Stinger, a weakling FeVM (D:3)
  A hound (D:5)
  An iguana (D:5)
  4 orc wizards
  5 gnolls (D:5)
  10 adders
  A worm (D:2)
  7 dart slugs
  11 orcs
  3 endoplasms
  6 goblins
  5 hobgoblins
  4 jackals (D:2)
  9 kobolds
  8 quokkas
  11 ball pythons
  7 bats
  4 frilled lizards
  6 rats
119 creatures vanquished.

Vanquished Creatures (others)
  A small abomination (Abyss:1)
1 creature vanquished.

Grand Total: 120 creatures vanquished

Notes
Turn   | Place    | Note
-------+----------+-------------------------------------------
     0 | D:1      | safid the Merfolk Ice Elementalist began the quest for the
                  | Orb.
     0 | D:1      | Reached XP level 1. HP: 13/13 MP: 3/3
   171 | D:1      | Reached XP level 2. HP: 8/20 MP: 1/5
   267 | D:1      | Reached skill level 1 in Fighting
   313 | D:1      | Found a faded altar of an unknown god.
   719 | D:2      | Reached XP level 3. HP: 24/26 MP: 2/6
  1593 | D:2      | Learned a level 3 spell: Frozen Ramparts
  1597 | D:2      | Learned a level 3 spell: Ozocubu's Armour
  1675 | D:3      | Reached skill level 5 in Ice Magic
  1675 | D:3      | Reached XP level 4. HP: 26/33 MP: 5/8
  1954 | D:3      | Found a runed translucent door.
  2170 | D:3      | Reached XP level 5. HP: 10/39 MP: 1/9
  2297 | D:3      | Found a runed translucent door.
  2670 | D:3      | Noticed bronco's ghost (weakling FeVM)
  2808 | D:3      | Killed bronco's ghost
  3079 | D:4      | Reached XP level 6. HP: 43/47 MP: 8/11
  3263 | D:4      | Noticed a yak
  3263 | D:4      | Noticed a yak
  3263 | D:4      | Noticed a yak
  3264 | D:4      | Noticed a yak
  3265 | D:4      | Noticed a yak
  3482 | D:4      | Killed a yak
  3483 | D:4      | Reached skill level 6 in Ice Magic
  3485 | D:4      | Killed a yak
  3486 | D:4      | Reached XP level 7. HP: 42/55 MP: 11/13
  3486 | D:4      | Killed a yak
  3495 | D:4      | Killed a yak
  3496 | D:4      | Reached skill level 5 in Fighting
  3496 | D:4      | Reached skill level 7 in Ice Magic
  3502 | D:4      | Killed a yak
  3503 | D:4      | Reached skill level 5 in Spellcasting
  3503 | D:4      | Reached XP level 8. HP: 39/63 MP: 5/15
  3803 | D:4      | Found a stormy altar of Qazlal.
  4155 | D:5      | Entered Level 5 of the Dungeon
  4505 | D:5      | Noticed Blork the orc
  4517 | D:5      | Killed Blork the orc
  4519 | D:5      | Reached skill level 8 in Ice Magic
  4589 | D:5      | Found a large runed translucent door.
  4590 | D:5      | Found a large runed translucent door.
  4590 | D:5      | Found a corrupted altar of Lugonu.
  4680 | D:5      | Reached XP level 9. HP: 60/71 MP: 4/18
  5085 | D:5      | Found a one-way gate to the infinite horrors of the Abyss.
  5337 | Abyss:1  | Found a corrupted altar of Lugonu.
  5337 | Abyss:1  | Cast into level 1 of the Abyss (kobold brigand)
  5352 | Abyss:1  | Noticed a wretched star
  5372 | Abyss:1  | Noticed an ancient zyme
  5390 | Abyss:1  | Noticed a starcursed mass
  5415 | Abyss:1  | Noticed a smoke demon
  5418 | Abyss:1  | Noticed a worldbinder
  5420 | Abyss:1  | Noticed a smoke demon
  5423 | Abyss:1  | Mangled by a small abomination

Illustrated notes

Levels and vault maps discovered:
D:1:      wander_arrival_desolate, layout_basic, ebering_ecumenical_altar_mist,
          minmay_misc_feat_ornament, amcnicky_mini_rare_corridor_liquid
D:2:      layout_basic
D:3:      layout_basic, ebering_ghost_sewer_f
D:4:      kennysheep_spiral_hall, layout_basic, mainiacjoe_overflow_alcove_4,
          minmay_unequal
D:5:      due_chaos_kobolds, layout_basic, kennysheep_generic_room_7,
          uniq_blork_the_orc
Abyss:1:  base:
D:4

Skill      XL: |  1  2  3  4  5  6  7  8  9 |
---------------+----------------------------+-----
Fighting       | 1 2 3 4 5 6 7 |  7.0
Ice Magic      | 5 6 7 8 |  8.4
Spellcasting   | 3 4 5 6 |  6.2
Dodging        | |  2.6
Stealth        | |  2.1

Action                     |  1- 3 |  4- 6 |  7- 9 || total
---------------------------+-------+-------+-------++-------
  Melee: Dagger            |    56 |    32 |       ||    88
         Unarmed           |     1 |       |       ||     1
         Short sword       |       |    33 |    73 ||   106
         Punch             |       |       |     1 ||     1
   Cast: Freeze            |    39 |    49 |     7 ||    95
         Frozen Ramparts   |       |     8 |    18 ||    26
         Ozocubu's Armour  |       |     2 |    12 ||    14
    Use: Potion            |       |     4 |       ||     4
         Scroll            |       |     3 |     3 ||     6
   Stab: Sleeping          |     4 |     1 |       ||     5
 Armour: Robe              |    14 |    38 |    23 ||    75
  Dodge: Dodged            |    61 |    86 |    47 ||   194
  Block: Other             |       |     7 |    16 ||    23
